 Dungeon Crawl Stone Soup version 0.18.1-8-gdd0e5ea (webtiles) character file.

126 zeroDi the Sneak (level 5, -4/26 HPs)
             Began as a Vine Stalker Assassin on May 29, 2016.
             Killed from afar by Sigmund (9 damage)
             ... with a magic dart
             ... on level 3 of the Dungeon.
             The game lasted 00:03:53 (1928 turns).

zeroDi the Sneak (Vine Stalker Assassin)            Turns: 1928, Time: 00:03:55

Health: -4/26      AC:  3    Str: 14    XL:     5   Next: 9%
Magic:  0/6        EV: 11    Int: 11    God:
Gold:   126        SH:  0    Dex: 16    Spells: 0 memorised, 4 levels left

rFire  . . .     SeeInvis .     a - +2 dagger (venom)
rCold  . . .     Gourm    .     A - +0 robe
rNeg   . . .     Faith    .     (no shield)
rPois  .         Spirit   +     (no helmet)
rElec  .         Dismiss  .     d - +0 cloak
rCorr  .         Reflect  .     (no gloves)
SustAt .         Harm     .     (no boots)
MR     .....                    (no amulet)
Stlth  +++.......               (no ring)
                                (no ring)

@: not resistant to hostile enchantments, fairly stealthy
A: fangs 2, regeneration 1, magic shield, antimagic bite, no device heal 3, rot
immunity
a: no special abilities


You were on level 3 of the Dungeon.
You were not hungry.

You visited 1 branch of the dungeon, and saw 3 of its levels.

You collected 126 gold pieces.


Innate Abilities, Weirdness & Mutations

You have extremely sharp teeth.
Your natural rate of healing is unusually fast.
When hurt, damage is shared between your health and your magic reserves.
Your bite disrupts and absorbs the magic of your enemies.
Potions and wands cannot restore your health.
You are immune to rotting.


   Skills:
 - Level 1.7 Fighting
 + Level 4.6 Short Blades
 - Level 1.7 Throwing
 - Level 0.7 Dodging
 - Level 4.8 Stealth


You had 4 spell levels left.
You didn't know any spells.

Inventory:

Hand Weapons
 a - a +2 dagger of venom (weapon)
 b - a +0 blowgun
 f - a +2 dagger
 B - a +2 dagger of speed
Missiles
 e - 41 poisoned needles
 x - a curare-tipped needle {=f}
Armour
 c - a +0 robe
 d - a +0 cloak (worn)
 A - a +0 robe (worn)
Jewellery
 h - a +3 ring of intelligence {unknown}
 s - a +6 ring of dexterity {unknown}
 t - an uncursed ring of poison resistance {unknown}
Scrolls
 i - a scroll of remove curse
 m - a scroll of random uselessness {unknown}
 n - a scroll of enchant weapon {unknown}
 p - 4 scrolls of identify {unknown}
Potions
 j - a potion of heal wounds {unknown}
 l - 4 potions of curing {unknown}
 r - a potion of might {unknown}
 u - a potion of invisibility {unknown}
 w - a potion of resistance {unknown}
Comestibles
 g - a bread ration
 k - 2 meat rations
 o - 3 beef jerkies
 z - 4 chunks of flesh

Dungeon Overview and Level Annotations

Branches:
Dungeon (3/15)

Altars:
Makhleb
Pakellas
Zin

Annotations:
D:3 Scuka's ghost, amateur MfTm; Sigmund

######### #####..........
#...#.# #((...#
#...#.###....W######
+................... .###
#..@................
.....#.W...........##..#.
...............###.......
....###...{.........(....
... +............#.##....
.. ###.....##...#.##....
. #..........#....... #
#.....#...##.####{. ###
.## #.........##.#.....


You could see Scuka's ghost.


Message History

* * * LOW HITPOINT WARNING * * *
You hit Scuka's ghost. Your bite misses Scuka's ghost.
Scuka's ghost is moderately damaged.
Scuka's ghost hits you.
* * * LOW HITPOINT WARNING * * *
Something hits you!
* * * LOW HITPOINT WARNING * * *
Sigmund appears from thin air!
Reactivating autopickup.
Sigmund laughs darkly.
Sigmund mumbles some strange words.
Sigmund flickers and vanishes!
Deactivating autopickup; reactivate with Ctrl-A.
Scuka's ghost hits you.
* * * LOW HITPOINT WARNING * * *
You see here a curare-tipped needle {=f}.
x - a curare-tipped needle {=f} A magic dart appears from out of thin air!
The magic dart hits you!
You die...

Action                   |  1- 3 |  4- 6 || total
-------------------------+-------+-------++-------
Melee: Dagger            |    48 |    65 ||   113
       Bite              |    10 |    13 ||    23
 Fire: Blowgun           |     2 |     3 ||     5
Throw: Javelin           |       |     4 ||     4
  Use: Scroll            |       |     5 ||     5
 Stab: Sleeping          |     5 |     3 ||     8
  Eat: Chunk             |       |     3 ||     3
Armor: Robe              |     8 |    13 ||    21
Dodge: Dodged            |    19 |    33 ||    52

Vault maps used:
D:1:      dpeg_arrival_ternary
D:2:      ecumenical_altar_1, grunt_pakellas_basics, uniq_terence, uniq_iyjb
D:3:      grunt_temple_overflow_order_and_chaos_2, lemuel_crystal_altar,
          uniq_sigmund

Notes
Turn   | Place    | Note
--------------------------------------------------------------
     0 | D:1      | zeroDi the Vine Stalker Assassin began the quest for the Orb.
     0 | D:1      | Reached XP level 1. HP: 11/11 MP: 2/2
    28 | D:1      | Reached skill level 2 in Short Blades
   190 | D:1      | Reached XP level 2. HP: 11/15 MP: 3/3
   948 | D:2      | Found a faded altar to an unknown god.
   951 | D:2      | Reached skill level 3 in Short Blades
   951 | D:2      | Reached XP level 3. HP: 18/18 MP: 4/4
   964 | D:2      | Found an oddly glowing altar of Pakellas.
  1068 | D:2      | Noticed Ijyb
  1089 | D:2      | Killed Ijyb
  1089 | D:2      | Reached XP level 4. HP: 20/23 MP: 3/5
  1265 | D:2      | Reached skill level 4 in Short Blades
  1396 | D:2      | Noticed Terence
  1410 | D:2      | Killed Terence
  1738 | D:3      | Found a glowing silver altar of Zin.
  1739 | D:3      | Found a burning altar of Makhleb.
  1742 | D:3      | Noticed an angel
  1744 | D:3      | Noticed a balrug
  1847 | D:3      | Reached XP level 5. HP: 26/26 MP: 6/6
  1877 | D:3      | Noticed Sigmund
  1882 | D:3      | Noticed Scuka's ghost (amateur MfTm)
  1915 | D:3      | HP: 2/26 [something (6)]
  1928 | D:3      | Killed from afar by Sigmund

Vanquished Creatures
  Ijyb (D:2)
  Terence (D:2)
  3 adders
  2 worms (D:2)
  2 giant geckos
  An orc (D:3)
  2 bats
  2 giant cockroaches
  6 goblins
  4 hobgoblins
  8 jackals
  3 kobolds
  A giant newt (D:3)
  5 rats
41 creatures vanquished.
